 Dungeon Crawl Stone Soup version 0.29.1-1-gd02db6906a (webtiles) character file.

Game seed: 13140977536850901621

354 RascalDebosk the Magician (level 6, -1/45 HPs)
             Began as a Djinni Earth Elementalist on Oct 13, 2022.
             Slain by a gnoll bouda
             ... wielding a +0 whip
              (13 damage)
             ... on level 4 of the Dungeon.
             The game lasted 00:33:59 (3927 turns).

RascalDebosk the Magician (DjEE)                    Turns: 3927, Time: 00:33:59

Health: -1/45      AC:  2    Str:  7    XL:     6   Next: 95%
Gold:   159        EV: 12    Int: 17    God:
                   SH:  0    Dex: 13

rFire   + + +      SeeInvis .   t - +0 rapier
rCold   x . .      Faith    .   (no shield)
rNeg    . . .      Spirit   .   m - +0 robe
rPois   ∞          Reflect  .   (no helmet)
rElec   .          Harm     .   (no cloak)
rCorr   .          Rampage  .   (no gloves)
Will    .....                   (boots unavailable)
Stlth   ++........              (no amulet)
HPRegen 0.15/turn               v - ring of protection from fire
MPRegen 0.00/turn               (no ring)

@: weakened, flying
A: sickness immunity, fire resistance 2, cold vulnerability 1, float, innate
caster, HP casting, extra vitality 1, dopey 1
a: no special abilities


You were on level 4 of the Dungeon.
You visited 1 branch of the dungeon, and saw 4 of its levels.

You collected 159 gold pieces.

Inventory:

Hand Weapons
 g - a +0 long sword
 s - a +0 dagger
 t - a +0 rapier (weapon)
Missiles
 d - a throwing net {@!f}
Armour
 m - a +0 robe (worn)
Jewellery
 v - a ring of protection from fire (left hand)
Scrolls
 b - 5 scrolls of identify {unknown}
 f - a scroll of poison {unknown}
 h - 2 scrolls of torment {unknown}
 j - a scroll of fog {unknown}
 k - a scroll of fear {unknown}
 l - a scroll of magic mapping {unknown}
 n - a scroll of brand weapon {unknown}
 q - a scroll of immolation {unknown}
 u - a scroll of noise {unknown}
Potions
 a - a potion of cancellation {unknown}
 c - 3 potions of heal wounds {unknown}
 e - 3 potions of curing {unknown}
 i - 2 potions of lignification {unknown}
 o - a potion of berserk rage {unknown}
 p - a potion of brilliance {unknown}
 r - a potion of flight {unknown}


   Skills:
 + Level 2.7 Fighting
 - Level 2.0 Armour
 - Level 2.1 Dodging
 - Level 2.0 Stealth
 - Level 2.0 Unarmed Combat
 + Level 3.3 Spellcasting
 + Level 3.1 Evocations


You couldn't memorise any spells.
You knew the following spells:

 Your Spells              Type           Power      Damage    Failure   Level
a - Sandblast             Erth           28%        2d8       4%          1
b - Passwall              Tmut/Erth      11%        N/A       6%          2
c - Stone Arrow           Conj/Erth      28%        3d8       13%         3
d - Petrify               Tmut/Erth      14%        N/A       38%         4
e - Shock                 Conj/Air       56%        1d6       4%          1
f - Ensorcelled Hibernat  Hex/Ice        28%        N/A       6%          2
Your spell library was empty.

Dungeon Overview and Level Annotations

Branches:
Dungeon (4/15)
 Temple: D:4-7

Altars:
Makhleb


Innate Abilities, Weirdness & Mutations

You are immune to sickness and miasma.
You are immune to poison.
Your flesh is very heat resistant. (rF++)
You are vulnerable to cold. (rC-)
You float through the air rather than walking.
You learn spells naturally, not from books.
Your magical power is your life essence.
You have superior vitality. (+4 MHP)
You are dopey. (Int -2)


Message History

The hound is almost dead.
The helpless hound fails to defend itself.
You hit the hound.
The hound is almost dead.
The helpless hound fails to defend itself.
You hit the hound.
You kill the hound!
Your magical contamination has completely faded away.
You see here a hound corpse.
You start resting.
HP restored.
You reach down and open the door.
A gnoll comes into view.
It is wielding a +2 flail of protection.
Found 20 gold pieces.
A gnoll bouda and 3 gnolls come into view.
The gnoll shouts!
The gnoll bouda shouts!
A gnoll comes into view. It is wielding a +0 whip.
The gnoll shouts! x2
There is an open door here.
Casting: Petrify (quite dangerous; 38% risk of failure)
Confirm with . or Enter, or press ? or * to list all spells.
Aiming: Stone Arrow (dangerous; 13% risk of failure)
Press: ? - help, Shift-Dir - straight line, f - gnoll
Aim: a gnoll, wielding a +2 flail of protection (72% to hit)
The stone arrow misses the gnoll.
The gnoll shouts!
Casting: Stone Arrow (dangerous; 13% risk of failure)
Confirm with . or Enter, or press ? or * to list all spells.
Aiming: Stone Arrow (dangerous; 13% risk of failure)
Press: ? - help, Shift-Dir - straight line, f/p - gnoll
Aim: a gnoll, wielding a +2 flail of protection (72% to hit)
You miscast Stone Arrow.
You are very lightly contaminated with residual magic.
Nothing appears to happen.
The gnoll hits you from afar with a +0 spear.
The gnoll bouda barks out a call to the hunt!
The gnolls pick up the pace!
The gnoll bouda gazes fiercely through you!
You feel your attacks grow feeble. The gnoll attacks as you move away!
The gnoll hits you with a +0 whip. The gnoll hits you with a +0 whip!
Casting: Stone Arrow (dangerous; 13% risk of failure)
Confirm with . or Enter, or press ? or * to list all spells.
Aiming: Ensorcelled Hibernation (safe; 6% risk of failure)
Press: ? - help, Shift-Dir - straight line, f/p - gnoll
Aim: a gnoll, wielding a +2 flail of protection (covering ground quickly, chance to affect: 56%)
The gnoll looks drowsy...
The helpless gnoll fails to defend itself.
You hit the gnoll.
The gnoll is moderately wounded.
The gnoll misses you.
You barely miss the gnoll.
The gnoll is moderately wounded.
The gnoll hits you with a +0 whip!
* * * LOW HITPOINT WARNING * * *
Casting: Ensorcelled Hibernation (safe; 6% risk of failure)
Confirm with . or Enter, or press ? or * to list all spells.
Aiming: Ensorcelled Hibernation (safe; 6% risk of failure)
Press: ? - help, Shift-Dir - straight line, f - gnoll, p - gnoll
Aim: a gnoll, wielding a +0 whip (moderately wounded, covering ground quickly, not susceptible)
Okay, then.
Aiming: Sandblast (safe; 4% risk of failure)
Press: ? - help, Q - select action, (/) - cycle Shift-Dir - straight line, f/p - gnoll
Aim: a gnoll, wielding a +2 flail of protection (covering ground quickly, 84% to hit)
The blast of sand hits the gnoll!
The gnoll is severely wounded.
* * * LOW HITPOINT WARNING * * *
The gnoll barely misses you.
Your magical contamination has completely faded away.
Aiming: Sandblast (safe; 4% risk of failure)
Press: ? - help, Q - select action, (/) - cycle Shift-Dir - straight line, f/p - gnoll
Aim: a gnoll, wielding a +2 flail of protection (covering ground quickly, 84% to hit)
The blast of sand hits the gnoll bouda.
The gnoll bouda is lightly wounded.
* * * LOW HITPOINT WARNING * * *
Your attacks no longer feel as feeble.
The gnoll bouda gazes fiercely through you!
You feel your attacks grow feeble.
The gnoll bouda hits you but does no damage.
Casting: Sandblast (safe; 4% risk of failure)
Confirm with . or Enter, or press ? or * to list all spells.
You aren't next to any passable walls.
The gnoll bouda gazes fiercely through you!
You feel as though you will be weak longer.
You hit the gnoll bouda but do no damage.
The gnoll bouda is lightly wounded.
The gnoll is no longer moving quickly.
A gnoll bouda opens the door.
Casting: Passwall (safe; 6% risk of failure)
Confirm with . or Enter, or press ? or * to list all spells.
You aren't next to any passable walls.
Casting: Passwall (safe; 6% risk of failure)
Confirm with . or Enter, or press ? or * to list all spells.
Aiming: Stone Arrow (dangerous; 13% risk of failure)
Press: ? - help, Shift-Dir - straight line, f - gnoll bouda, p - gnoll
Aim: a gnoll bouda, wielding a +0 whip and wearing a +0 robe (lightly wounded, 72% to hit)
The stone arrow hits the gnoll bouda!
The gnoll bouda is severely wounded.
* * * LOW HITPOINT WARNING * * *
The gnoll bouda hits you with a +0 whip!
You die...

....... ##.### . ..$.g
...######....# ... ..g
........'....#
.....#.####+####.(...#
#....gg..÷..)'.....##.#
#.#.##g#...#.####.....#
# #g#._.#.# #.#####
.#.#.##g#)..#)# #.#
......'@......+ #.#
.#.#.#####+#### #.# #.#
#.# #.# #.# #.# #.# #<#


You could see a gnoll bouda and 4 gnolls.

Vanquished Creatures
  Grinder (D:3)
  A hound (D:4)
  Terence (D:2)
  Jessica (D:3)
  3 adders
  A worm (D:2)
  4 dart slugs
  5 ball pythons
  5 bats
  3 endoplasms
  4 giant cockroaches
  A goblin (D:3)
  5 hobgoblins
  A quokka (D:3)
  A frilled lizard (D:1)
  7 kobolds
  7 rats
51 creatures vanquished.

Notes
Turn   | Place    | Note
-------+----------+-------------------------------------------
     0 | D:1      | RascalDebosk the Djinni Earth Elementalist began the quest
                  | for the Orb.
     0 | D:1      | RascalDebosk set off with the following spells memorised:
                  | Sandblast, Passwall, Stone Arrow, Petrify.
     0 | D:1      | Reached XP level 1. HP: 15/15 MP: 0/0
   130 | D:1      | Reached XP level 2. HP: 12/22 MP: 0/0
   799 | D:1      | Found a faded altar of an unknown god.
   862 | D:1      | Reached XP level 3. HP: 21/26 MP: 0/0
   862 | D:1      | Learned a level 1 spell: Shock
  1276 | D:2      | Reached skill level 1 in Unarmed Combat
  1360 | D:2      | Reached skill level 1 in Fighting
  1360 | D:2      | Reached skill level 1 in Evocations
  1515 | D:2      | Reached XP level 4. HP: 31/32 MP: 0/0
  1745 | D:2      | Noticed Terence
  1764 | D:2      | Gained mutation: You are dopey. (Int -2) [mutagenic glow]
  1769 | D:2      | Killed Terence
  1770 | D:2      | Reached skill level 1 in Armour
  2056 | D:3      | Noticed Grinder
  2057 | D:3      | Paralysed by Grinder for 2 turns
  2288 | D:3      | Killed Grinder
  2289 | D:3      | Reached XP level 5. HP: 3/39 MP: 0/0
  2289 | D:3      | Learned a level 2 spell: Ensorcelled Hibernation
  2289 | D:3      | Reached XP level 6. HP: 4/44 MP: 0/0
  2717 | D:3      | Noticed Jessica
  2751 | D:3      | Killed Jessica
  3681 | D:4      | Found a burning altar of Makhleb.
  3927 | D:4      | Slain by a gnoll bouda

Illustrated notes

Levels and vault maps discovered:
D:1:      psy_arrival_radial02, layout_basic, shapermc_ecumenical_altar_gd
D:2:      layout_rooms, uniq_terence
D:3:      layout_basic, uniq_jessica, uniq_grinder
D:4:      layout_basic, mainiacjoe_overflow_paths,
          mainiacjoe_overflow_six_doors_small, serial_shops, shop, uniq_natasha

Skill      XL: |  1  2  3  4  5  6 |
---------------+-------------------+-----
Unarmed Combat | 1 2 |  2.0
Fighting       | 1 2 |  2.7
Stealth        | 2 |  2.0
Evocations     | 1 2 3 |  3.1
Armour         | 2 |  2.0
Spellcasting   | 3 |  3.3
Dodging        | |  2.1

Action                   |  1- 3 |  4- 6 || total
-------------------------+-------+-------++-------
Melee: Long sword        |     7 |       ||     7
       Dagger            |       |    68 ||    68
       Punch             |       |     1 ||     1
       Rapier            |       |    12 ||    12
 Cast: Sandblast         |    36 |    27 ||    63
       Stone Arrow       |     1 |     6 ||     7
       Petrify           |       |     7 ||     7
       Ensorcelled Hiber |       |    16 ||    16
 Stab: Sleeping          |     1 |     6 ||     7
       Petrified         |       |    21 ||    21
Armor: Robe              |     7 |    21 ||    28
Dodge: Dodged            |    17 |    81 ||    98
